 Dungeon Crawl Stone Soup version 0.21-a0-414-gba8bdf1 (webtiles) character file.

88 grizmgrazm2 the Digger (level 4, -8/23 HPs)
             Began as a Gargoyle Earth Elementalist on Nov 2, 2017.
             Was an Initiate of Hepliaklqana.
             Mangled by Annonymus's ghost (11 damage)
             ... on level 3 of the Dungeon.
             The game lasted 00:07:43 (2046 turns).

grizmgrazm2 the Digger (GrEE)                       Turns: 2046, Time: 00:07:44

Health: -8/23      AC:  7    Str: 11    XL:     4   Next: 53%
Magic:  13/17      EV: 11    Int: 17    God:    Hepliaklqana [......]
Gold:   112        SH:  0    Dex: 10    Spells: 4/8 levels left

rFire    . . .     SeeInvis .   h - +0 hunting sling
rCold    . . .     Gourm    .   (no shield)
rNeg     + . .     Faith    .   u - +0 leather armour
rPois    ∞         Spirit   .   t - +0 helmet
rElec    +         Reflect  .   k - scarf {repulsion}
rCorr    .         Harm     .   (no gloves)
MR       +....                  (no boots)
Stlth    ++........             (no amulet)
HPRegen  0.07/turn              n - ring of protection from magic
MPRegen  0.15/turn              r - ring of magical power

@: repel missiles
A: reduced essence, negative energy resistance 1, electricity resistance,
unbreathing, petrification resistance, rot immunity, AC +3
a: Recall Ancestor, Ancestor Identity, Renounce Religion


You were on level 3 of the Dungeon.
You worshipped Hepliaklqana.
Hepliaklqana was noncommittal.
You were not hungry.

You visited 1 branch of the dungeon, and saw 3 of its levels.

You collected 112 gold pieces.

Inventory:

Hand Weapons
 c - a +2 dagger of venom
 f - a +0 club
 h - a +0 hunting sling (weapon)
 j - a +0 dagger
 m - a +1 vampiric dagger
Missiles
 b - 32 stones (quivered)
Armour
 k - a scarf of repulsion (worn)
 t - a +0 helmet (worn)
 u - a +0 leather armour (worn)
Jewellery
 n - a ring of protection from magic (left hand)
 r - a ring of magical power (right hand)
 s - a +4 ring of strength {unknown}
Scrolls
 g - 2 scrolls of identify
 o - a scroll of recharging {unknown}
 p - 2 scrolls of magic mapping
Potions
 i - a potion of lignification
Books
 e - a book of Geomancy

   Spells                             Type                      Level
   a - Sandblast                      Earth                        1
   b - Passwall                       Transmutation/Earth          2
   c - Stone Arrow                    Conjuration/Earth            3
   d - Petrify                        Transmutation/Earth          4
   e - Lee's Rapid Deconstruction     Earth                        5
Comestibles
 a - 3 meat rations
 d - a bread ration
 q - 8 chunks of flesh


   Skills:
 + Level 1.9 Fighting
 - Level 1.5 Dodging
 - Level 2.1 Stealth
 + Level 2.7 Spellcasting
   Level 0.7 Transmutations
 * Level 5.1 Earth Magic


You had 4 spell levels left.
You knew the following spells:

 Your Spells              Type           Power        Failure   Level  Hunger
a - Sandblast             Erth           ###...       2%          1    #......
b - Stone Arrow           Conj/Erth      ##....       24%         3    ###....


Dungeon Overview and Level Annotations

Branches:
Dungeon (3/15)

Altars:
Dithmenos
Gozag
Hepliaklqana
Makhleb

Annotations:
D:3 Annonymus's ghost, novice GnWr


Innate Abilities, Weirdness & Mutations

You are resistant to torment.
Your stone body is resilient. (AC +3)
You are immune to poison.
You resist negative energy. (rN+)
You are resistant to electric shocks. (rElec)
You can survive without breathing.
You are immune to petrification.
You are immune to rotting.
Your life essence is reduced to manifest your ancestor. (-10% HP)


Message History

Confirm with . or Enter, or press ? or * to list all spells.
Aiming: Sandblast
Press: ? - help, Shift-Dir - straight line, f/p - Annonymus's ghost
Aim: Annonymus's ghost (heavily damaged)
The blast of sand hits Annonymus's ghost.
Annonymus's ghost is severely damaged.
b - 33 stones Annonymus's ghost hits you.
* * * LOW HITPOINT WARNING * * *
Okay, then.
Casting: Sandblast
Confirm with . or Enter, or press ? or * to list all spells.
Aiming: Sandblast
Press: ? - help, Shift-Dir - straight line, f/p - Annonymus's ghost
Aim: Annonymus's ghost (severely damaged)
The blast of sand hits Annonymus's ghost.
Annonymus's ghost is almost destroyed.
b - 32 stones Vusi barely misses Annonymus's ghost.
Annonymus's ghost hits you!
You die...

#....# ##....# ##....(#
####......# #.........#
#.###.(...# ###### .....
##.###.....# #..... .....
###..##<.##### ##..... .....
#.(..W@.#########...... .....
#....R.÷###.......<.... .....
#####...............##.....
.....##......(...................
#.##...###.......####......#####
##.##.#####......## #......#
......##..(......... #......#
......##........##..##......#
...))[..........# ..##......#


You could see the friendly Vusi the ancestor and Annonymus's ghost.

Vanquished Creatures
  2 gnolls (D:2)
  3 dart slugs (D:1)
  3 orcs (D:3)
  A giant cockroach (D:1)
  8 goblins
  6 hobgoblins
  4 jackals
  2 quokkas (D:3)
  3 bats
  2 frilled lizards
  4 kobolds
  A rat (D:1)
39 creatures vanquished.

Vanquished Creatures (collateral kills)
  A gnoll (D:2)
  An orc (D:3)
  A goblin (D:2)
  A jackal (D:3)
  A leopard gecko skeleton (D:3)
5 creatures vanquished.

Grand Total: 44 creatures vanquished

Notes
Turn   | Place    | Note
-------+----------+-------------------------------------------
     0 | D:1      | grizmgrazm2 the Gargoyle Earth Elementalist began the quest for the Orb.
     0 | D:1      | Reached XP level 1. HP: 10/10 MP: 3/3
   226 | D:1      | Reached XP level 2. HP: 12/16 MP: 5/5
   273 | D:1      | Reached skill level 4 in Earth Magic
   387 | D:1      | Reached skill level 1 in Fighting
   736 | D:1      | Reached XP level 3. HP: 20/20 MP: 6/6
  1193 | D:2      | Learned a level 3 spell: Stone Arrow
  1232 | D:2      | Found a hazy altar of Hepliaklqana.
  1262 | D:2      | Became a worshipper of Hepliaklqana the Forgotten
  1300 | D:2      | Reached XP level 4. HP: 2/22 MP: 7/7
  1624 | D:2      | Reached skill level 5 in Earth Magic
  1707 | D:2      | Found a shadowy altar of Dithmenos.
  1710 | D:2      | Found a burning altar of Makhleb.
  1713 | D:2      | Found an opulent altar of Gozag.
  1941 | D:3      | Noticed Annonymus's ghost (novice GnWr)
  2046 | D:3      | Mangled by Annonymus's ghost

Vault maps used:
D:1:      dpeg_arrival_yet_another_circle
D:2:      lemuel_crystal_altar, grunt_temple_overflow_diamond

Skill      XL: |  1  2  3  4 |
---------------+-------------+-----
Earth Magic    | 4 5 |  5.1
Fighting       | 1 |  1.9
Dodging        | |  1.5
Stealth        | |  2.1
Spellcasting   | |  2.7
Transmutations | |  0.7

Action                   |  1- 3 |  4- 6 || total
-------------------------+-------+-------++-------
Melee: Club              |     3 |       ||     3
       Dagger            |    14 |    31 ||    45
 Fire: Hunting sling     |    53 |     8 ||    61
 Cast: Sandblast         |    20 |     4 ||    24
  Use: Scroll            |     3 |       ||     3
       Potion            |     1 |     1 ||     2
  Eat: Chunk             |     1 |     3 ||     4
Armor: Robe              |     8 |       ||     8
       Leather armour    |     9 |     3 ||    12
       Skin              |     3 |     6 ||     9
Dodge: Dodged            |    20 |    15 ||    35
       Deflected         |     2 |       ||     2

Table legend:
 A = Spawn XP
 B = Non-spawn XP
 C = Spawn XP percentage of total XP
 D = Spawn monster count
 E = Non-spawn monster count
 F = Spawn count percentage of total count
 G = Total turns spent on level
                    A         B        C        D         E        F      G
               +---------+---------+-------+---------+---------+-------+---------
         Total |       0 |     126 |   0.0 |       0 |      44 |   0.0 |  2046
               +---------+---------+-------+---------+---------+-------+---------
           D:1 |       0 |      40 |   0.0 |       0 |      20 |   0.0 |  1104
           D:2 |       0 |      61 |   0.0 |       0 |      13 |   0.0 |   786
           D:3 |       0 |      25 |   0.0 |       0 |      11 |   0.0 |   156
               +---------+---------+-------+---------+---------+-------+---------
